 Dungeon Crawl Stone Soup version 0.28.0-43-g3370ac3207 (webtiles) character file.

Game seed: 10869858268393596680

7886 pkoi the Zephyrmancer (level 11, -6/74 HPs)
             Began as a Pale Draconian Air Elementalist on Mar 10, 2022.
             Was a Follower of Sif Muna.
             Mangled by a sixfirhy (10 damage)
             ... summoned by a kobold demonologist
             ... on level 10 of the Dungeon.
             The game lasted 00:18:49 (20409 turns).

pkoi the Zephyrmancer (DrAE)                       Turns: 20409, Time: 00:18:50

Health: -6/74      AC:  9    Str:  7    XL:     11   Next: 2%
Magic:  18/20      EV: 16    Int: 21    God:    Sif Muna [*.....]
Gold:   516        SH:  0    Dex: 13    Spells: 8/22 levels left

rFire   + + .      SeeInvis .   a - +7 trident "Hydrabane" {flame, rF++ rC+ Str-3 Dex+2}
rCold   + . .      Faith    .   (no shield)
rNeg    . . .      Spirit   .   (armour unavailable)
rPois   .          Reflect  .   (helmet restricted)
rElec   .          Harm     .   (no cloak)
rCorr   .          Rampage  .   l - +0 pair of gloves
Will    +....                   m - +0 pair of boots
Stlth   ++........              (no amulet)
HPRegen 0.22/turn               v - ring of willpower
MPRegen 0.17/turn               g - +4 ring of evasion

@: no status effects
A: breathe steam, AC +7, unfitting armour, cold-blooded, steam resistance
a: Breathe Steam, Renounce Religion, Channel Magic


You were on level 10 of the Dungeon.
You worshipped Sif Muna.
Sif Muna was aware of your devotion.
You visited 2 branches of the dungeon, and saw 11 of its levels.
You also visited: Bailey.

You collected 516 gold pieces.

Inventory:

Hand Weapons
 a - the +7 trident "Hydrabane" (weapon) {flame, rF++ rC+ Str-3 Dex+2}
   (You found it on level 4 of the Dungeon)

   It burns those it strikes, dealing additional fire damage.
   Str:       It affects your strength (-3).
   Dex:       It affects your dexterity (+2).
   rF:        It greatly protects you from fire.
   rC:        It protects you from cold.
 b - a +0 mace
 c - a +0 whip
 j - a +3 mace of draining
Missiles
 A - 3 curare-tipped darts
Armour
 l - a +0 pair of gloves (worn)
 m - a +0 pair of boots (worn)
 p - an orb of guile
Jewellery
 e - a ring of see invisible
 g - a +4 ring of evasion (right hand)
 t - an amulet of faith
 u - a ring of wizardry
 v - a ring of willpower (left hand)
 x - an amulet of regeneration
Wands
 f - a wand of flame (40)
 i - a wand of acid (15)
 w - a wand of paralysis (9)
Scrolls
 q - 4 scrolls of identify
 s - a scroll of amnesia
 y - a scroll of enchant weapon
 z - a scroll of enchant armour
Potions
 d - 6 potions of curing
 h - a potion of might
 k - a potion of flight
 o - 2 potions of brilliance
 r - a potion of haste


   Skills:
 - Level 1.7 Dodging
 - Level 1.7 Stealth
 - Level 6.0 Spellcasting
 - Level 3.0 Conjurations
 + Level 3.5 Hexes
 - Level 6.0 Summonings
 * Level 13.9 Air Magic
 + Level 5.9 Invocations
 - Level 1.4 Evocations


You had 8 spell levels left.
You knew the following spells:

 Your Spells              Type           Power      Damage    Failure   Level
a - Shock                 Conj/Air       100%       1d9       1%          1
b - Swiftness             Air            59%        N/A       1%          3
c - Airstrike             Air            29%        N/A       1%          4
d - Call Canine Familiar  Summ           31%        N/A       2%          3
e - Summon Guardian Gole  Hex/Summ       26%        N/A       4%          3

Your spell library contained the following spells:

 Spells                   Type           Power      Damage    Failure   Level
 Summon Small Mammal      Summ           100%       N/A       1%          1
 Call Imp                 Summ           31%        N/A       1%          2
 Static Discharge         Conj/Air       41%        N/A       1%          2
 Magic Dart               Conj           72%        1d6       2%          1
 Mephitic Cloud           Conj/Pois/Air  29%        N/A       3%          3
 Ensorcelled Hibernation  Hex/Ice        26%        N/A       7%          2
 Passwall                 Tmut/Erth      5%         N/A       14%         2
 Spider Form              Tmut/Pois      6%         N/A       28%         3
 Anguish                  Hex/Necr       6%         N/A       43%         4
 Chain Lightning          Conj/Air       20%        3d27      100%        9
 Fire Storm               Conj/Fire      6%         8d2       100%        9
 Shatter                  Erth           3%         3d7*      100%        9


Dungeon Overview and Level Annotations

Branches:
Dungeon (10/15)            Temple (1/1) D:5            Lair (0/6) D:8
 Bailey (visited)
    Orc: D:9-12

Altars:
Ashenzari
Cheibriados
Dithmenos
Elyvilon
Fedhas
Gozag
Hepliaklqana
Kikubaaqudgha
Makhleb
Nemelex Xobeh
Okawaru
Qazlal
Ru
Sif Muna
Trog
Uskayaw
Vehumet
Wu Jian
Xom
Yredelemnul
Zin
The Shining One

Shops:
D:5 *

Annotations:
D:6 4 runed translucent doors, Crazy Yiuf; Icepheonix32's ghost, novice TeFE


Innate Abilities, Weirdness & Mutations

You can breathe blasts of scalding, opaque steam.
Your pale cyan-grey scales are hard. (AC +7)
You cannot fit into any form of body armour.
You are cold-blooded and may be slowed by cold attacks.
You are immune to the effects of steam.


Message History

Something hits you but does no damage. Sif Muna accepts your kill.
You feel a bit more experienced.
Your gnoll hits something with a +0 club.
You have got your breath back.
Something barely misses you.
Your troll shouts, "Beware of monsters!"
There is a stone staircase leading down here.
You barely miss something. Something hits you but does no damage.
Something hits you.
* * * LOW HITPOINT WARNING * * *
Something hits you!
* * * LOW HITPOINT WARNING * * *
Something hits you.
* * * LOW HITPOINT WARNING * * *
You barely miss something.
The kobold demonologist shouts!
You hear a shout!
Something hits you.
* * * LOW HITPOINT WARNING * * *
The kobold demonologist casts a spell.
You hear a shout!
The kobold brigand shouts!
Something barely misses you.
The kobold brigand throws a poisoned dart.
The poisoned dart barely misses you. The poisoned dart hits your troll!
Your troll is poisoned.
Something hits you but does no damage. Something barely misses you.
Something hits you!
* * * LOW HITPOINT WARNING * * *
The sixfirhy hits you.
* * * LOW HITPOINT WARNING * * *
The sixfirhy shocks you!
* * * LOW HITPOINT WARNING * * *
Something hits your troll!
You barely miss something. You tail-slap something.
The sixfirhy hits you but does no damage.
The sixfirhy hits you.
* * * LOW HITPOINT WARNING * * *
The sixfirhy shocks you!
You die...

..........#.....
.................
..#####'#######################+#
..#..........##.................K
..#>9........##...............<.§
..'..c.......##.....K...........K
..#..........##..................
.c###############'###############
.(.§c§.§§§§ggg.T@3K....).........
##..§#.§§§§.g#...##..K.....##...#
#...#§§....§#...##........##...#
#...#...§.§.#...##........##...#
##...#..§........##.............#
.................................
#################################


You could see a kobold demonologist, a sixfirhy (summoned), a kobold brigand, a
kobold, a friendly troll (summoned, very poisoned), a friendly gnoll sergeant
(summoned) and 3 friendly gnolls.

Vanquished Creatures
  An orange crystal statue (D:8)
  Joseph (D:8)
  A kobold demonologist (D:10)
  A hornet (D:9)
  Grinder (D:6)
  Sigmund (D:6)
  10 yaks
  2 water moccasins
  A hornet zombie (D:6)
  3 orc warriors
  3 black bears
  2 ice beasts
  A necrophage (D:8)
  An ogre (D:7)
  3 centaurs
  A phantom (D:5)
  A kobold brigand (Bailey)
  Blork the orc (D:6)
  A wyvern zombie (D:8)
  4 bullfrogs
  A gnoll sergeant (D:6)
  A water moccasin zombie (D:5)
  2 water moccasin skeletons
  6 killer bees (D:9)
  13 wights
  2 lava snakes (D:8)
  8 centaur zombies
  A jelly (D:4)
  A centaur skeleton (D:7)
  2 bullfrog skeletons (D:5)
  A gnoll shaman (D:8)
  A hound (D:6)
  5 orc priests
  4 iguanas
  6 orc wizards
  A hound skeleton (D:4)
  Robin (D:3)
  A howler monkey zombie (D:7)
  10 gnolls
  2 howler monkey skeletons
  10 adders
  3 shadow imps (D:7)
  4 worms
  5 dart slugs
  20 orcs
  5 ball pythons
  4 endoplasms
  5 giant cockroaches
  14 goblins
  8 hobgoblins
  2 jackals (D:3)
  17 kobolds
  A quokka (D:3)
  2 bats
  5 frilled lizards
  6 rats
220 creatures vanquished.

Vanquished Creatures (collateral kills)
  A kobold (Bailey)
1 creature vanquished.

Vanquished Creatures (others)
  45 fungi (D:8)
  44 plants (D:8)
89 creatures vanquished.

Grand Total: 310 creatures vanquished

Notes
Turn   | Place    | Note
-------+----------+-------------------------------------------
     0 | D:1      | pkoi the Draconian Air Elementalist began the quest for the
                  | Orb.
     0 | D:1      | Reached XP level 1. HP: 14/14 MP: 3/3
   560 | D:1      | Reached XP level 2. HP: 11/20 MP: 0/5
   967 | D:1      | Reached skill level 4 in Air Magic
  1437 | D:1      | Reached XP level 3. HP: 12/26 MP: 0/6
  2506 | D:2      | Reached XP level 4. HP: 30/33 MP: 1/7
  2844 | D:2      | Reached skill level 5 in Air Magic
  3391 | D:3      | Found a faded altar of an unknown god.
  4227 | D:3      | Reached skill level 1 in Evocations
  4461 | D:3      | Reached XP level 5. HP: 38/38 MP: 3/8
  4901 | D:3      | Found a glowing silver altar of Zin.
  5079 | D:3      | Noticed Robin
  5101 | D:3      | Killed Robin
  5296 | D:3      | Reached skill level 6 in Air Magic
  5693 | D:4      | Learned a level 3 spell: Swiftness
  5698 | D:4      | Learned a level 4 spell: Airstrike
  5777 | D:4      | Reached XP level 6. HP: 44/45 MP: 1/9
  6125 | D:4      | Identified the +7 trident "Hydrabane" {flame, rF++ rC+
                  | Str-3 Dex+2}
  6495 | D:4      | Reached skill level 7 in Air Magic
  6600 | D:4      | Found the dreamshard necklace {*Dream Drain}
  6703 | D:5      | Entered Level 5 of the Dungeon
  6703 | D:5      | Found Sesaqupy's Assorted Antiques.
  7159 | D:5      | Your scales start taking on a pale cyan-grey colour.
  7159 | D:5      | Reached skill level 8 in Air Magic
  7159 | D:5      | Reached XP level 7. HP: 50/50 MP: 6/10
  7159 | D:5      | Gained mutation: You are immune to the effects of steam.
                  | [Pale Draconian growth]
  7386 | D:5      | Found a staircase to the Ecumenical Temple.
  7395 | Temple   | Entered the Ecumenical Temple
  7549 | Temple   | Became a worshipper of Sif Muna the Loreminder
  8282 | D:6      | Noticed Blork the orc
  8294 | D:5      | Reached skill level 1 in Invocations
  8445 | D:5      | Reached skill level 9 in Air Magic
  9158 | D:6      | Reached XP level 8. HP: 18/57 MP: 1/12
  9724 | D:6      | Killed Blork the orc
 10469 | D:6      | Reached skill level 10 in Air Magic
 10662 | D:6      | Learned a level 3 spell: Call Canine Familiar
 10701 | D:6      | Found a runed translucent gate.
 10739 | D:6      | Found a runed translucent gate.
 10739 | D:6      | Found a runed translucent gate.
 10773 | D:6      | Noticed Sigmund
 10777 | D:6      | Killed Sigmund
 10778 | D:6      | Reached skill level 1 in Summonings
 10780 | D:6      | Noticed Icepheonix32's ghost (novice TeFE)
 10786 | D:6      | Noticed Grinder
 10786 | D:6      | Paralysed by Grinder for 2 turns
 10801 | D:6      | Paralysed by Grinder for 7 turns
 10808 | D:6      | Killed Grinder
 11499 | D:6      | Found a runed translucent door.
 11500 | D:6      | Noticed Crazy Yiuf
 11865 | D:7      | Found a flagged portal.
 11896 | Bailey   | Entered a bailey
 11997 | Bailey   | Reached XP level 9. HP: 62/62 MP: 6/15
 12015 | Bailey   | Reached skill level 11 in Air Magic
 14020 | D:8      | Learned a level 3 spell: Summon Guardian Golem
 14024 | D:8      | Noticed an orange crystal statue
 14373 | D:8      | Killed an orange crystal statue
 14374 | D:8      | Reached skill level 5 in Spellcasting
 14374 | D:8      | Reached skill level 1 in Hexes
 14516 | D:8      | Reached * piety under Sif Muna
 14703 | D:8      | Reached skill level 12 in Air Magic
 15053 | D:8      | Noticed Joseph
 15735 | D:8      | Killed Joseph
 15736 | D:8      | Reached XP level 10. HP: 56/69 MP: 9/18
 16782 | D:8      | Found a staircase to the Lair.
 17072 | D:8      | Reached skill level 5 in Summonings
 17837 | D:9      | Reached skill level 13 in Air Magic
 18124 | D:9      | Reached skill level 5 in Invocations
 19560 | D:10     | Entered Level 10 of the Dungeon
 19562 | D:10     | Noticed a soul eater
 19563 | D:10     | Noticed a rust devil
 19918 | D:10     | Noticed a rust devil
 19922 | D:10     | Reached XP level 11. HP: 71/74 MP: 2/20
 20407 | D:10     | Noticed a sixfirhy
 20409 | D:10     | Mangled by a sixfirhy

Illustrated notes

Levels and vault maps discovered:
D:1:      beargit_arrival_diablo_church, layout_basic, minmay_tetromino_s4
D:2:      layout_rooms, minivault_5, kennysheep_generic_room_2
D:3:      layout_basic, mainiacjoe_overflow_alcove_4,
          shapermc_ecumenical_altar_starsandcircs, uniq_robin
D:4:      layout_loops_corners, lemuel_old_faithful
D:5:      layout_gridville, temple_fountains, serial_shops,
          nicolae_shop_hallway_stairs, corexii_checkpoint_a,
          minmay_misc_feat_iff
D:6:      layout_basic, gammafunk_ghost_icy, uniq_sigmund, uniq_blork_the_orc,
          uniq_crazy_yiuf_cottage, uniq_grinder
D:7:      layout_layer_cave, enter_bailey_6
D:8:      layout_cave_pools, due_lair_maze_entry_diamond,
          amcnicky_mini_pool_small, disabler_island, uniq_joseph
D:9:      layout_rooms, minmay_door_square
D:10:     layout_stronghold, kennysheep_orc_monster_closet_entryway,
          minmay_circle_x
Temple:   kilobyte_greek_temple

Skill      XL: |  1  2  3  4  5  6  7  8  9 10 |
---------------+-------------------------------+-----
Air Magic      | 4 5 6 8 9 10 12 13 | 13.9
Evocations     | 1 |  1.4
Invocations    | 2 3 5 |  5.9
Conjurations   | 2 3 |  3.0
Spellcasting   | 3 4 5 6 |  6.0
Summonings     | 2 4 6 |  6.0
Hexes          | 2 3 |  3.5
Dodging        | |  1.7
Stealth        | |  1.7

Action                   |  1- 3 |  4- 6 |  7- 9 | 10-12 || total
-------------------------+-------+-------+-------+-------++-------
Melee: Whip              |    35 |    21 |       |       ||    56
       Tailslap          |     1 |     6 |     7 |     7 ||    21
       Mace              |       |    13 |       |       ||    13
       Trident           |       |    18 |    48 |    19 ||    85
       Punch             |       |       |       |     1 ||     1
 Cast: Shock             |    67 |   152 |     5 |       ||   224
       Airstrike         |       |       |   118 |    88 ||   206
       Call Canine Famil |       |       |     1 |       ||     1
       Summon Guardian G |       |       |       |     1 ||     1
 Abil: Breathe Steam     |       |       |    11 |     8 ||    19
Evoke: Wand              |       |       |     2 |       ||     2
  Use: Potion            |     3 |     1 |     3 |       ||     7
       Scroll            |     2 |     4 |     6 |     3 ||    15
 Stab: Sleeping          |       |     1 |       |       ||     1
Armor: Skin              |    14 |    18 |    20 |    36 ||    88
Dodge: Dodged            |    44 |    42 |    70 |    63 ||   219
